woodfighter, lawful female human Knight ----- -...| ---------------- |.@.|## |..{....<......| |..af## |..............| |...|## |...........)..| -----## ----|----------- ###### ## ## # ### ### ## # --+----- ### ## |.......######## ----|----------- |......| --.--- ...............| |......-#####|....| |..............| |......| #-....| #......)*....>..| |......| |....| ###|.......%......| -------- |[...| # ---------------- |.....##################%## ----.- woodfighter the Esquire Experience level: 5 Strength: 15 Dexterity: 10 Constitution: 12 Intelligence: 8 Wisdom: 15 Charisma: 18 Health: 0(47) Energy: 33(33) Def: 6 Gold: 0 Moves: 2747 Dungeon seed: n5d2xdreYAUXP9rq Game ID: woodfighter_1511008276 Your Inventory: Weapons a - the blessed rustproof +1 Excalibur (weapon in hand) o - a +0 silver saber Armor e - an uncursed +1 ring mail (being worn) n - an uncursed +0 helmet (being worn) q - an uncursed +0 small shield (being worn) r - an uncursed +0 pair of leather gloves Comestibles d - 13 uncursed apples f - 12 uncursed carrots h - 2 uncursed lichen corpses D - an uncursed partly eaten food ration G - 2 uncursed sprigs of wolfsbane O - 3 uncursed food rations Wands c - a wand of undead turning (0:5) g - a cursed wand of create monster (0:12) A - a wand of enlightenment (0:14) H - a wand of undead turning (0:8) J - a wand of probing (0:8) Tools s - an uncursed bag of holding Contents of the bag of holding: 553 gold pieces a [uncursed] scroll of charging a [blessed] scroll of create monster a [cursed] scroll of destroy armor a [blessed] scroll of gold detection 2 [uncursed] scrolls of identify 3 [uncursed] scrolls of scare monster a [uncursed] scroll of taming a [uncursed] potion of blindness a [blessed] potion of extra healing a [uncursed] potion of polymorph a [uncursed] potion of sleeping a [uncursed] potion of water a [uncursed] ring of free action a [cursed] ring of shock resistance a [blessed] tallow candle [0:200] Spells and supernatural/magical abilities: Name Level Category Fail Memory W - pray for help -- divine ? -- X - turn undead -- divine ? -- Y - supernatural jump -- ability ? -- Your skills at the end: Miscellaneous Skills shield [Basic] wands [Basic] riding [Basic] Weapon Skills long sword [Basic] polearms [Basic] Spellcasting Skills Final Attributes: You were fervently aligned. You were level-drain resistant. You were telepathic. You had automatic searching. You could jump. You are dead. Vanquished creatures: 4 soldier ants an imp a pony a floating eye a kitten a homunculus 2 iguanas a rothe a werejackal a hobbit an acid blob 2 geckos 2 giant rats a brown mold a yellow mold a red mold a gnome 12 garter snakes 7 jackals a fox a kobold 2 newts 3 goblins 6 grid bugs 4 lichens 59 creatures vanquished. Voluntary challenges: You did not adorn yourself with jewelry or accessories. You did not cause conflict. You were not invisible. You did not have reflection. You were not displaced. You were an atheist. You used a wielded weapon 77 times, starting on turn 2. You did not apply a unicorn horn. You did not use sinks. You did not drink any magical draughts. You were illiterate. You never genocided any monsters. You never polymorphed an object. You never changed form. You used no wishes. You never split a pudding. You never wrote Elbereth's name. You never violated your personal moral code. Dungeon overview: The Dungeons of Doom: levels 1 to 8 Level 1 a long staircase Level 2 (vault) a general store stairs to The Gnomish Mines Level 3 a fountain Level 4 Level 5 Level 6 (box) Level 7 <- You were here a fountain Level 8 The Gnomish Mines: Level 3 stairs to The Dungeons of Doom History has recorded: On T:1 you entered the Dungeons of Doom to retrieve the Amulet of Yendor! On T:27 you reached level 2 of The Dungeons of Doom. On T:224 you advanced to experience level 2. On T:513 you reached level 3 of The Dungeons of Doom. On T:534 you reached level 1 of The Gnomish Mines. On T:672 you advanced to experience level 3. On T:1008 you reached level 4 of The Dungeons of Doom. On T:1597 you advanced to experience level 4. On T:1748 you reached level 5 of The Dungeons of Doom. On T:2049 you reached level 6 of The Dungeons of Doom. On T:2246 you reached level 7 of The Dungeons of Doom. On T:2520 you advanced to experience level 5. On T:2645 you reached level 8 of The Dungeons of Doom. Score breakdown: Gold: 553 ( 55 points) Experience: 5 levels ( 400 points) Exploration: 8 levels ( 210 points) Discoveries: 21 items ( 1050 points) Variety of kills: 25 monsters ( 1250 points) Major goal: (nothing yet) ( 0 points) Survival: died (score multiplied by 3) Total score: 8895 Latest messages: There are a few objects here. Kitty devours a pancake. You stop exploring. Never mind. You slash the soldier ant! The soldier ant bites! The soldier ant stings! The soldier ant bites! The soldier ant stings! You kill the soldier ant! You hear some noises. You hear some noises in the distance. You hear some noises. You stop exploring. You hack the soldier ant! The soldier ant bites! The soldier ant stings! You hack the soldier ant! The soldier ant bites! The soldier ant stings! You die... Final status: Fare thee well woodfighter the Knight, killed by a soldier ant... You died in The Dungeons of Doom on dungeon level 7 with 8895 points, and 553 pieces of gold, after 2747 moves. You were level 5 with a maximum of 47 hit points when you died.